AoeStats
← lpmurphyanalytics

Arena

504118186Analyzed
4v4 RM · 29d ago on Sep 4, 2026· 42m 26s· 8 players
Game mode
Random Map
Map size
Large (8 player)
Population
200
Speed
Normal
Resources
Standard
Victory
Conquest
Starting age
Dark Age
Ending age
Imperial Age
RankedLock teamsTeams togetherTeam positionsShared explorationLock speedFull tech treeHidden civsTurbo modeCheats
Victory
Defeat
🇺🇸 Vikings · United States
914
+18
🇺🇸 Romans · United States
872
+20
🇺🇸 Shu · United States
869
+20
🇺🇸 Malians · United States
829
+21
🇦🇺 Celts · Australia
986
-21
🇹🇼 Burgundians · Taiwan
967
-20
🇦🇷 Franks · Argentina
953
-20
🇮🇳 Byzantines · India
917
-18
I THS I
11:41 Feudal Age
12:19 Horse Collar
12:28 Double-Bit Axe
16:48 Castle Age
17:43 Heavy Plow
24:33 Wheelbarrow
26:23 Hand Cart
31:45 Fletching
31:56 Padded Archer Armor
31:39 Pikeman
32:47 Gambesons
33:03 Squires
33:21 Scale Mail Armor
33:31 Forging
37:40 Imperial Age
35:36 Chain Mail Armor
35:37 Leather Archer Armor
35:17 Bodkin Arrow
36:35 Coiled Serpent Array
38:44 Conscription
38:02 Halberdier
39:08 Elite White Feather Guard
HowManyMustDie
11:26 Feudal Age
15:54 Castle Age
14:10 Double-Bit Axe
14:23 Horse Collar
19:33 Wheelbarrow
19:46 Loom
26:27 Bow Saw
27:04 Hand Cart
27:50 Stone Mining
27:52 Gold Mining
30:50 Gold Shaft Mining
30:19 Heavy Plow
33:23 Imperial Age
32:02 Forging
31:53 Scale Mail Armor
31:44 Fletching
31:54 Murder Holes
32:24 Pikeman
33:05 Squires
33:28 Halberdier
33:31 Elite Centurion
34:32 Conscription
35:23 Iron Casting
34:58 Scale Barding Armor
35:10 Chain Mail Armor
34:51 Bodkin Arrow
35:36 Ballistas
36:58 Husbandry
37:09 Bloodlines
38:06 Chain Barding Armor
40:42 Plate Barding Armor
40:03 Bodkin Arrow
lpmurphyanalytics
10:04 Feudal Age
10:50 Double-Bit Axe
12:47 Horse Collar
19:23 Castle Age
18:30 Scale Barding Armor
18:43 Forging
18:45 Scale Mail Armor
21:12 Husbandry
21:24 Bloodlines
22:28 Bow Saw
23:37 Heavy Plow
28:19 Iron Casting
27:55 Fletching
28:01 Town Watch
33:01 Wheelbarrow
40:48 Hand Cart
40:26 Loom
41:37 Light Cavalry
Anipazronkin
0:35 Loom
2:07 Loom
12:45 Feudal Age
13:23 Town Watch
13:26 Double-Bit Axe
13:46 Horse Collar
15:05 Gold Mining
16:46 Stone Mining
20:36 Castle Age
18:44 Stone Mining
21:16 Fletching
21:26 Padded Archer Armor
21:41 Town Patrol
21:37 Crossbowman
24:52 Bodkin Arrow
25:12 Leather Archer Armor
30:22 Gold Shaft Mining
29:59 Bow Saw
29:51 Heavy Plow
32:30 Scale Mail Armor
32:40 Forging
32:32 Squires
32:18 Arson
33:02 Chieftains
35:23 Chain Mail Armor
35:44 Iron Casting
42:47 Imperial Age
TheSpider007917
5:25 Loom
11:37 Feudal Age
12:27 Double-Bit Axe
18:14 Castle Age
16:07 Fletching
16:16 Stone Mining
16:29 Horse Collar
17:19 Scale Mail Armor
17:51 Scale Barding Armor
18:19 Arson
17:55 Man-at-Arms
18:26 Light Cavalry
20:05 Husbandry
21:34 Gambesons
22:55 Gold Mining
26:36 Pikeman
26:37 Long Swordsman
28:02 Bow Saw
29:30 Stone Shaft Mining
29:24 Heavy Plow
32:52 Wheelbarrow
32:53 Bodkin Arrow
33:14 Chain Mail Armor
33:10 Forging
34:02 Hand Cart
39:02 Imperial Age
38:04 Gold Shaft Mining
39:11 Heavy Scorpion
39:12 Capped Ram
39:25 Two-Handed Swordsman
40:36 Onager
41:57 Stronghold
唉呦我的媽
11:10 Feudal Age
16:27 Castle Age
14:34 Double-Bit Axe
14:45 Horse Collar
15:37 Bow Saw
15:53 Heavy Plow
16:46 Wheelbarrow
16:23 Gold Mining
17:51 Gold Shaft Mining
18:55 Forging
20:30 Two-Man Saw
20:09 Husbandry
20:49 Scale Barding Armor
20:44 Cavalier
23:51 Iron Casting
24:58 Chain Barding Armor
26:02 Hand Cart
36:17 Imperial Age
36:26 Paladin
38:09 Blast Furnace
37:46 Plate Barding Armor
37:02 Town Watch
39:46 Crop Rotation
41:07 Treadmill Crane
vtarchitect1668
2:37 Loom
11:40 Feudal Age
13:06 Wheelbarrow
12:17 Double-Bit Axe
12:13 Horse Collar
16:37 Castle Age
14:36 Stone Mining
14:59 Gold Mining
17:31 Bow Saw
17:22 Heavy Plow
25:56 Murder Holes
28:40 Imperial Age
27:36 Fortified Wall
29:26 Hand Cart
28:55 Capped Ram
29:02 Pikeman
29:43 Squires
32:03 Crossbowman
33:15 Elite Skirmisher
35:47 Padded Archer Armor
35:38 Fletching
36:45 Thumb Ring
37:37 Siege Ram
40:08 Scale Mail Armor
Guigui
Connection lost

Rejoining the realm…

Still unreachable

The connection could not be restored.

Session expired

The server has moved on; the page needs a fresh start.